NCAA
GEORGIA TECH YELLOW JACKETS @ SOUTH CAROLINA GAMECOCKS
05/17/2026
 
TOP OF THE 1ST
Georgia Tech Yellow Jackets batting - Pitching for South Carolina Gamecocks : RHP Joseph Salinas
Pitching: RHP Joseph Salinas
Batting: RHB Rickey Núñez 0-0: Bunt for hit - play at first, batter OUT! 1-3
Batting: RHB Bob Corrigan 0-0: Called Strike
0-1: Swinging Strike
0-2: Ball
1-2: Foul Ball, location: 2F
1-2: Ball
2-2: Strikes out looking
Batting: RHB Joe Atkinson 0-0: Called Strike
0-1: Ball
1-1: DOUBLE (Flyball, 78M)
Batting: RHB Bobby Hulsey 0-0: Called Strike
0-1: Ball
1-1: Foul Ball, location: 2F
1-2: Strikes out swinging
Top of the 1st over - 0 run(s), 1 hit(s), 0 error(s), 1 left on base; Georgia Tech 0 - South Carolina 0
BOTTOM OF THE 1ST
South Carolina Gamecocks batting - Pitching for Georgia Tech Yellow Jackets : LHP Víctor Ramírez
Pitching: LHP Víctor Ramírez
Batting: LHB Pat Carroll 0-0: Called Strike
0-1: Fly out, F4 (Popup, 34)
Batting: LHB Bill Walter 0-0: Ball
1-0: Fly out, F8 (Flyball, 8RM)
Batting: RHB Clint Ratzlaff 0-0: Ground out 5-3 (Groundball, 56)
Bottom of the 1st over - 0 run(s), 0 hit(s), 0 error(s), 0 left on base; Georgia Tech 0 - South Carolina 0
TOP OF THE 2ND
Georgia Tech Yellow Jackets batting - Pitching for South Carolina Gamecocks : RHP Joseph Salinas
Batting: LHB Gary White 0-0: Ball
1-0: Ball
2-0: SINGLE (Groundball, 34D)
Batting: RHB Dave Bell 0-0: Ball
1-0: Called Strike
1-1: Ball
2-1: SINGLE (Flyball, 7S)
Gary White to second
Batting: RHB Xavier Silva 0-0: Called Strike
0-1: Fly out, F7 (Line Drive, 7LM)
Batting: RHB Jeremy Richmond 0-0: Ball
Dave Bell is caught stealing 2nd base
1-0: Called Strike
1-1: Swinging Strike
1-2: Ball
2-2: Strikes out swinging
Top of the 2nd over - 0 run(s), 2 hit(s), 0 error(s), 1 left on base; Georgia Tech 0 - South Carolina 0
BOTTOM OF THE 2ND
South Carolina Gamecocks batting - Pitching for Georgia Tech Yellow Jackets : LHP Víctor Ramírez
Batting: LHB Chandler Pitts 0-0: Swinging Strike
0-1: Ball
1-1: Ball
2-1: Foul Ball, location: 2F
2-2: Ball
3-2: Strikes out looking
Batting: RHB Fernando Pérez 0-0: Ball
1-0: SINGLE (Line Drive, 56)
Batting: RHB Mike Wagner 0-0: Ball
1-0: Called Strike
1-1: Foul Ball, location: 2F
1-2: Strikes out swinging
Batting: RHB Sidney Smith 0-0: Ball
1-0: Ball
2-0: Ball
3-0: Called Strike
3-1: Foul Ball, location: 2F
3-2: SINGLE (Line Drive, 6)
Fernando Pérez to second
Fernando Pérez to third
Batting: RHB José Martínez 0-0: Fly out, F7 (Line Drive, 78M)
Bottom of the 2nd over - 0 run(s), 2 hit(s), 0 error(s), 2 left on base; Georgia Tech 0 - South Carolina 0
TOP OF THE 3RD
Georgia Tech Yellow Jackets batting - Pitching for South Carolina Gamecocks : RHP Joseph Salinas
Batting: LHB Shawn Brown 0-0: Foul Ball, location: 2F
0-1: SINGLE (Groundball, 34D)
Batting: RHB Rickey Núñez 0-0: Ball
1-0: 2-RUN HOME RUN (Flyball, 7D), Distance : 350 ft
Batting: RHB Bob Corrigan 0-0: Ball
1-0: Ball
2-0: Ball
3-0: Called Strike
3-1: Bunt missed!
3-2: Strikes out swinging
Batting: RHB Joe Atkinson 0-0: Foul Ball, location: 2F
0-1: Ball
1-1: Swinging Strike
1-2: Ball
2-2: Strikes out swinging
Batting: RHB Bobby Hulsey 0-0: Ground out 6-3 (Groundball, 6)
Top of the 3rd over - 2 run(s), 2 hit(s), 0 error(s), 0 left on base; Georgia Tech 2 - South Carolina 0
BOTTOM OF THE 3RD
South Carolina Gamecocks batting - Pitching for Georgia Tech Yellow Jackets : LHP Víctor Ramírez
Batting: LHB Gilberto Ortíz 0-0: Foul Ball, location: 2F
0-1: Ball
1-1: SINGLE (Line Drive, 3D)
Batting: LHB Pat Carroll 0-0: Called Strike
0-1: Called Strike
0-2: Grounds into double play, U3-6 (Groundball, 3L)
Batting: LHB Bill Walter 0-0: Ground out 4-3 (Groundball, 4)
Bottom of the 3rd over - 0 run(s), 1 hit(s), 0 error(s), 0 left on base; Georgia Tech 2 - South Carolina 0
TOP OF THE 4TH
Georgia Tech Yellow Jackets batting - Pitching for South Carolina Gamecocks : RHP Joseph Salinas
Batting: LHB Gary White 0-0: Ball
1-0: Foul Ball, location: 2F
1-1: Ball
2-1: Fly out, F5 (Popup, 5SF)
Batting: RHB Dave Bell 0-0: Ball
1-0: Ball
2-0: Called Strike
2-1: Ball
3-1: Foul Ball, location: 2F
3-2: Base on Balls
Batting: RHB Xavier Silva 0-0: Swinging Strike
0-1: Ball
1-1: SINGLE (Groundball, 34)
Dave Bell to second
Runner from 2nd tries for 3rd, SAFE, throw made to third
Batting: RHB Jeremy Richmond 0-0: Ball
1-0: Called Strike
1-1: SINGLE (Line Drive, 3D)
Dave Bell scores
Xavier Silva to second
Batting: LHB Shawn Brown 0-0: Ball
1-0: Called Strike
1-1: Ball
2-1: Swinging Strike
2-2: Strikes out swinging
Batting: RHB Rickey Núñez 0-0: Ball
1-0: SINGLE (Line Drive, 89S)
Xavier Silva to third
Jeremy Richmond to second
Batting: RHB Bob Corrigan 0-0: Ball
1-0: Ball
2-0: Foul Ball, location: 2F
2-1: Ball
3-1: Base on Balls
Xavier Silva scores
Jeremy Richmond to third
Rickey Núñez to second
Batting: RHB Joe Atkinson 0-0: Ball
1-0: Ball
2-0: Foul Ball, location: 2F
2-1: Foul Ball, location: 2F
2-2: Ball
3-2: Strikes out looking
Top of the 4th over - 2 run(s), 3 hit(s), 0 error(s), 3 left on base; Georgia Tech 4 - South Carolina 0
BOTTOM OF THE 4TH
South Carolina Gamecocks batting - Pitching for Georgia Tech Yellow Jackets : LHP Víctor Ramírez
Batting: RHB Clint Ratzlaff 0-0: Ball
1-0: Ball
2-0: Swinging Strike
2-1: Ball
3-1: Called Strike
3-2: Strikes out swinging
Batting: LHB Chandler Pitts 0-0: Ball
1-0: Ball
2-0: Called Strike
2-1: Ball
3-1: Called Strike
3-2: Base on Balls
Batting: RHB Fernando Pérez 0-0: SINGLE (Groundball, 6M)
Chandler Pitts to second
Batting: RHB Mike Wagner 0-0: Ball
1-0: Fielders Choice at 2nd, U4 (Groundball, 4M)
Chandler Pitts to third
Batting: RHB Sidney Smith 0-0: Ball
1-0: Swinging Strike
1-1: Swinging Strike
1-2: Ball
2-2: Strikes out swinging
Bottom of the 4th over - 0 run(s), 1 hit(s), 0 error(s), 2 left on base; Georgia Tech 4 - South Carolina 0
TOP OF THE 5TH
Georgia Tech Yellow Jackets batting - Pitching for South Carolina Gamecocks : RHP Joseph Salinas
Batting: RHB Bobby Hulsey 0-0: Foul Ball, location: 2F
0-1: Ball
1-1: SINGLE (Groundball, 34)
Pitching: RHP Bryan Smith
Batting: LHB Gary White 0-0: Called Strike
0-1: Ball
1-1: Ball
2-1: Fielders Choice at 2nd, 4-6 (Groundball, 34)
Batting: RHB Dave Bell 0-0: Called Strike
0-1: Foul Ball, location: 2F
0-2: Ball
1-2: Ball
Gary White steals 2nd base
2-2: Ball
3-2: Intentional Walk
Batting: RHB Xavier Silva 0-0: Ball
1-0: Ball
2-0: Ball
3-0: Called Strike
3-1: SINGLE (Line Drive, 56D)
Gary White to third
Dave Bell to second
Batting: RHB Jeremy Richmond 0-0: Ball
1-0: Swinging Strike
1-1: SINGLE (Line Drive, 8LS)
Gary White scores
Dave Bell to third
Xavier Silva to second
Batting: LHB Shawn Brown 0-0: Foul Ball, location: 2F
0-1: Swinging Strike
0-2: Grounds into double play, 1-2-3 (Groundball, 13)
Top of the 5th over - 1 run(s), 3 hit(s), 0 error(s), 2 left on base; Georgia Tech 5 - South Carolina 0
BOTTOM OF THE 5TH
South Carolina Gamecocks batting - Pitching for Georgia Tech Yellow Jackets : LHP Víctor Ramírez
Batting: RHB José Martínez 0-0: Fly out, F9 (Flyball, 9M)
Batting: LHB Gilberto Ortíz 0-0: Ball
1-0: Foul Ball, location: 2F
1-1: Ball
2-1: Foul Ball, location: 2F
2-2: Ball
3-2: Foul Ball, location: 2F
3-2: Foul Ball, location: 2F
3-2: Base on Balls
Batting: LHB Pat Carroll 0-0: Ball
1-0: Ground out 3-1 (Groundball, 34S)
Gilberto Ortíz to second
Batting: LHB Bill Walter 0-0: Called Strike
0-1: Ball
1-1: Swinging Strike
1-2: Foul Ball, location: 2F
1-2: Ball
2-2: Fly out, F7 (Popup, 6MD)
Bottom of the 5th over - 0 run(s), 0 hit(s), 0 error(s), 1 left on base; Georgia Tech 5 - South Carolina 0
TOP OF THE 6TH
Georgia Tech Yellow Jackets batting - Pitching for South Carolina Gamecocks : RHP Bryan Smith
Batting: RHB Rickey Núñez 0-0: Ball
1-0: Called Strike
1-1: Ball
2-1: Ball
3-1: Base on Balls
Batting: RHB Bob Corrigan 0-0: Ball
1-0: Ball
Rickey Núñez is caught stealing 2nd base
2-0: Ball
3-0: Base on Balls
Batting: RHB Joe Atkinson 0-0: Called Strike
0-1: SINGLE (Groundball, 56D)
Bob Corrigan to second
Batting: RHB Bobby Hulsey 0-0: Grounds into double play, 6-4-3 (Groundball, 6)
Top of the 6th over - 0 run(s), 1 hit(s), 0 error(s), 1 left on base; Georgia Tech 5 - South Carolina 0
BOTTOM OF THE 6TH
South Carolina Gamecocks batting - Pitching for Georgia Tech Yellow Jackets : LHP Víctor Ramírez
Batting: RHB Clint Ratzlaff 0-0: Called Strike
0-1: Ball
1-1: Foul Ball, location: 2F
1-2: Ball
2-2: Ball
3-2: Fly out, F8 (Flyball, 8LM)
Batting: LHB Chandler Pitts 0-0: Called Strike
0-1: Ball
1-1: Called Strike
1-2: Fly out, F8 (Flyball, 8LD)
Batting: RHB Fernando Pérez 0-0: Called Strike
0-1: Ball
1-1: Ground out 6-3 (Groundball, 6)
Bottom of the 6th over - 0 run(s), 0 hit(s), 0 error(s), 0 left on base; Georgia Tech 5 - South Carolina 0
TOP OF THE 7TH
Georgia Tech Yellow Jackets batting - Pitching for South Carolina Gamecocks : RHP Bryan Smith
Pitching: RHP Monte Powell
Batting: LHB Gary White 0-0: DOUBLE (Line Drive, 78M)
Batting: RHB Dave Bell 0-0: Called Strike
0-1: Foul Ball, location: 2F
0-2: Ball
1-2: Ground out 5-3 (Groundball, 5)
Batting: RHB Xavier Silva 0-0: Ball
1-0: Ball
2-0: Ball
3-0: Called Strike
3-1: Fly out, F7 (Flyball, 7M)
Batting: RHB Jeremy Richmond 0-0: Ball
1-0: Called Strike
1-1: Ball
2-1: Ball
3-1: Swinging Strike
3-2: Strikes out looking
Top of the 7th over - 0 run(s), 1 hit(s), 0 error(s), 1 left on base; Georgia Tech 5 - South Carolina 0
BOTTOM OF THE 7TH
South Carolina Gamecocks batting - Pitching for Georgia Tech Yellow Jackets : LHP Víctor Ramírez
Pitching: RHP Armando Maldonado
Batting: RHB Mike Wagner 0-0: Called Strike
0-1: Foul Ball, location: 2F
0-2: Ball
1-2: Foul Ball, location: 2F
1-2: SINGLE (Line Drive, 89S)
Batting: RHB Sidney Smith 0-0: Ball
1-0: SINGLE (Line Drive, 7S)
Mike Wagner to second
Batting: RHB José Martínez 0-0: Called Strike
0-1: Ball
1-1: Ball
2-1: Swinging Strike
2-2: Strikes out swinging
Batting: LHB Gilberto Ortíz 0-0: Ball
1-0: Fly out, F7 (Flyball, 7M)
Batting: LHB Pat Carroll 0-0: Called Strike
0-1: Ball
1-1: Fielders Choice at 2nd, U4 (Groundball, 4M)
Bottom of the 7th over - 0 run(s), 2 hit(s), 0 error(s), 2 left on base; Georgia Tech 5 - South Carolina 0
TOP OF THE 8TH
Georgia Tech Yellow Jackets batting - Pitching for South Carolina Gamecocks : RHP Monte Powell
Batting: LHB Shawn Brown 0-0: Called Strike
0-1: SINGLE (Line Drive, 8LS)
Batting: RHB Rickey Núñez 0-0: Bunted foul
0-1: Bunted foul
0-2: Foul Ball, location: 2F
0-2: Ball
1-2: Foul Ball, location: 2F
1-2: Ball
2-2: SINGLE (Flyball, 34D)
Shawn Brown to second
Throwing error, E9
Shawn Brown scores
Rickey Núñez to second
Batting: RHB Bob Corrigan 0-0: Sac Bunt - play at first, batter OUT! 5-4
Rickey Núñez to third
Batting: RHB Joe Atkinson 0-0: Called Strike
0-1: Ball
1-1: Ball
2-1: Foul Ball, location: 2F
2-2: Ball
3-2: Base on Balls
Batting: RHB Bobby Hulsey 0-0: Ball
Wild Pitch!
Rickey Núñez scores
Joe Atkinson to second
1-0: Swinging Strike
1-1: Called Strike
1-2: Ball
2-2: Ball
3-2: Strikes out swinging
Batting: LHB Gary White 0-0: Called Strike
0-1: Swinging Strike
0-2: Ball
1-2: Ball
2-2: Strikes out swinging
Top of the 8th over - 2 run(s), 2 hit(s), 1 error(s), 1 left on base; Georgia Tech 7 - South Carolina 0
BOTTOM OF THE 8TH
South Carolina Gamecocks batting - Pitching for Georgia Tech Yellow Jackets : RHP Armando Maldonado
Now at SS: Julián Espinoza
Now in RF: Stan Gómez
Batting: LHB Bill Walter 0-0: Ball
1-0: Fly out, F9 (Line Drive, 9S)
Batting: RHB Clint Ratzlaff 0-0: Called Strike
0-1: Fly out, F7 (Flyball, 7M)
Batting: LHB Chandler Pitts 0-0: Ball
1-0: Foul Ball, location: 2F
1-1: Ball
2-1: Called Strike
2-2: Ball
3-2: Ground out 4-3 (Groundball, 4M)
Bottom of the 8th over - 0 run(s), 0 hit(s), 0 error(s), 0 left on base; Georgia Tech 7 - South Carolina 0
TOP OF THE 9TH
Georgia Tech Yellow Jackets batting - Pitching for South Carolina Gamecocks : RHP Monte Powell
Pitching: RHP Gerald Wood
Batting: RHB Dave Bell 0-0: Called Strike
0-1: Ball
1-1: Fly out, F5 (Line Drive, 5)
Batting: RHB Xavier Silva 0-0: Foul Ball, location: 2F
0-1: Ball
1-1: Ball
2-1: SINGLE (Line Drive, 7S)
Batting: RHB Jeremy Richmond 0-0: Ball
Xavier Silva is caught stealing 2nd base
1-0: Called Strike
1-1: Ball
2-1: Fly out, F9 (Flyball, 9M)
Top of the 9th over - 0 run(s), 1 hit(s), 0 error(s), 0 left on base; Georgia Tech 7 - South Carolina 0
BOTTOM OF THE 9TH
South Carolina Gamecocks batting - Pitching for Georgia Tech Yellow Jackets : RHP Armando Maldonado
Batting: RHB Fernando Pérez 0-0: Called Strike
0-1: Ball
1-1: Ball
2-1: Called Strike
2-2: Strikes out swinging
Batting: RHB Mike Wagner 0-0: Ball
1-0: Swinging Strike
1-1: Called Strike
1-2: Ball
2-2: Ball
3-2: Strikes out looking
Batting: RHB Sidney Smith 0-0: Called Strike
0-1: Foul Ball, location: 2F
0-2: Strikes out swinging
Bottom of the 9th over - 0 run(s), 0 hit(s), 0 error(s), 0 left on base; Georgia Tech 7 - South Carolina 0
Monday, December 5th, 2016 - OOTP Baseball 17.12 Build 75